 Dungeon Crawl Stone Soup version 0.30-a0-1008-g30c9307041 (webtiles) character file.

Game seed: 13439472076081990285

387 juan097 the Poker (level 6, -3/41 (48) HPs)
             Began as a Merfolk Gladiator on Apr 5, 2023.
             Was a Follower of Makhleb.
             Slain by a wight
             ... wielding a +3 halberd
              (13 damage)
             ... on level 6 of the Dungeon.
             The game lasted 00:06:14 (3070 turns).

juan097 the Poker (Merfolk Gladiator)               Turns: 3070, Time: 00:06:15

HP:   -3/41 (48)    AC:  9    Str: 16    XL:     6   Next: 78%
MP:   6/6           EV: 13    Int:  7    God:    Makhleb [*.....]
Gold: 178           SH:  0    Dex: 16    Spells: 5/5 levels left

rFire   . . .      SeeInvis .    a - +0 trident
rCold   . . .      Faith    .    (no shield)
rNeg    + . .      Spirit   .    t - +0 ring mail
rPois   .          Reflect  .    c - +0 helmet
rElec   .          Rampage  .    n - scarf {+Inv}
rCorr   .                        q - +2 pair of gloves
Will    .....                    (no boots)
Stlth   +                        (no amulet)
HPRegen 0.26/turn                x - ring of positive energy
MPRegen 0.10/turn                (no ring)

@: heavily drained
A: (nimble swimmer 2), mertail
a: Renounce Religion, Evoke Invisibility


You were on level 6 of the Dungeon.
You worshipped Makhleb.
Makhleb was aware of your devotion.
You visited 1 branch of the dungeon, and saw 5 of its levels.

You collected 178 gold pieces.

Inventory:

Hand Weapons
 a - a +0 trident (weapon)
 b - a +0 sling
Missiles
 e - a javelin (quivered)
 v - 6 boomerangs
Armour
 c - a +0 helmet (worn)
 n - a scarf of invisibility (worn)
 q - a +2 pair of gloves (worn)
 t - a +0 ring mail (worn)
Jewellery
 x - a ring of positive energy (left hand)
Scrolls
 g - 8 scrolls of identify {unknown}
 l - a scroll of noise {unknown}
 m - a scroll of poison {unknown}
 o - 2 scrolls of teleportation {unknown}
 w - a scroll of vulnerability {unknown}
 y - a scroll of brand weapon {unknown}
Potions
 f - 2 potions of lignification {unknown}
 h - a potion of might {unknown}
 i - a potion of curing {unknown}
 j - a potion of flight {unknown}
 k - a potion of ambrosia {unknown}
 p - a potion of degeneration {unknown}
 r - a potion of cancellation {unknown}
 s - a potion of heal wounds {unknown}
 u - a potion of resistance {unknown}
 z - a potion of attraction {unknown}


   Skills:
 - Level 4.0 Fighting
 * Level 7.6 Polearms
 - Level 2.0 Throwing
 - Level 6.0 Dodging


You had 5 spell levels left.
You didn't know any spells.
Your spell library was empty.

Dungeon Overview and Level Annotations

Branches:
Dungeon (4/15)
 Temple: D:4-7

Altars:
Ashenzari
Cheibriados
Gozag
Kikubaaqudgha
Makhleb
Sif Muna


Innate Abilities, Weirdness & Mutations

((You are very nimble when in or above water. (Stealth+, EV+, Speed+++)))
Your lower body shifts to a powerful aquatic tail in water.


Message History

The wight struggles against the net.
The net rips apart, and the wight comes free!
You reach to attack!
You hit the wight but do no damage.
The wight is moderately damaged.
The wight closely misses you.
You reach to attack!
You barely miss the wight.
The wight is moderately damaged.
The wight hits you from afar with a +3 halberd.
You partially resist.
You feel drained.
You barely miss the wight. The wight hits you but does no damage.
The wight misses you. The wight misses you. The wight closely misses you.
You see here a +0 hand axe.
You barely miss the wight.
The wight is moderately damaged.
The wight hits you but does no damage. The wight hits you with a +3 halberd.
You hit the wight.
The wight is heavily damaged.
You closely miss the wight.
The wight is heavily damaged.
The wight barely misses you. The wight hits you with a +3 dagger.
You hit the wight.
The wight is heavily damaged.
The wight hits you with a +3 halberd! You partially resist.
You feel drained. The wight hits you but does no damage.
You hit the wight but do no damage. You punch the wight, but do no damage.
The wight is heavily damaged.
The wight hits you with a +3 halberd! The wight hits you but does no damage.
You hit the wight.
The wight is severely damaged.
The wight misses you. The wight hits you with a +3 dagger.
You hit the wight but do no damage.
The wight is severely damaged.
The wight hits you with a +3 dagger.
* * * LOW HITPOINT WARNING * * *
The wight closely misses you.
Okay, then.
You feel drained.
You fail to use your ability.
The wight hits you with a +3 halberd!
You die...

#.... #...# #...##
#....# #....# #
##+###....# ..
#...##....# ..o
#..)##...## ....
#.z@##...#### .....
#.z.........#
..o...#)..........#
.z....'...........#
......#...#########
#+#########


You could see 2 wights.

Vanquished Creatures
  2 scorpions
  A wight (D:6)
  A howler monkey (D:3)
  A hound (D:4)
  An iguana (D:4)
  3 adders
  2 worms
  4 dart slugs
  6 orcs
  7 ball pythons
  7 bats
  3 endoplasms
  3 giant cockroaches
  7 hobgoblins
  12 jackals
  5 kobolds
  2 quokkas (D:1)
  2 frilled lizards (D:2)
  7 goblins
  3 rats (D:1)
79 creatures vanquished.

Vanquished Creatures (others)
  A fungus (D:3)
  3 plants (D:3)
4 creatures vanquished.

Grand Total: 83 creatures vanquished

Notes
Turn   | Place    | Note
-------+----------+-------------------------------------------
     0 | D:1      | juan097 the Merfolk Gladiator began the quest for the Orb.
     0 | D:1      | Reached XP level 1. HP: 16/16 MP: 1/1
   177 | D:1      | Reached XP level 2. HP: 23/23 MP: 2/2
   490 | D:1      | Reached XP level 3. HP: 22/28 MP: 3/3
   846 | D:2      | Reached skill level 5 in Polearms
  1283 | D:2      | Reached XP level 4. HP: 34/34 MP: 4/4
  1762 | D:3      | Found a shimmering blue altar of Sif Muna.
  1777 | D:3      | Reached skill level 6 in Polearms
  1777 | D:3      | Reached skill level 5 in Dodging
  1777 | D:3      | Reached XP level 5. HP: 40/41 MP: 5/5
  1849 | D:3      | Found an opulent altar of Gozag.
  2025 | D:3      | Found a faded altar of an unknown god.
  2193 | D:3      | Found a broken altar of Ashenzari.
  2199 | D:3      | Found an ancient bone altar of Kikubaaqudgha.
  2204 | D:3      | Found a snail-covered altar of Cheibriados.
  2318 | D:3      | Prayed at the altar of an unknown god.
  2318 | D:3      | Became a worshipper of Makhleb the Destroyer
  2318 | D:3      | Reached * piety under Makhleb
  2451 | D:4      | Reached XP level 6. HP: 31/48 MP: 6/6
  2567 | D:4      | Reached skill level 7 in Polearms
  3014 | D:4      | You fall into a shaft and drop 2 floors!
  3070 | D:6      | Slain by a wight

Illustrated notes

Levels and vault maps discovered:
D:1:      lightli_arrival_boilingwater, layout_loops_cross, nrook_uturn
D:2:      layout_rooms, chequers_serial_rivers_room_b, hex_tiny,
          minmay_close_crescents
D:3:      layout_basic, minmay_overflow_temple_star_quad,
          mainiacjoe_overflow_alcove_1, lemuel_crystal_altar,
          dreamdust_ecumenical_altar_hidden_monk_grotto
D:4:      layout_cave_pods, minitemple
D:6:      layout_gridville, minmay_temple_entry_stoned_glass, serial_shops, shop

Skill      XL: |  1  2  3  4  5  6 |
---------------+-------------------+-----
Polearms       | 5 6 7 |  7.6
Fighting       | 3 4 |  4.0
Dodging        | 5 6 |  6.0
Throwing       | |  2.0

Action                     |  1- 3 |  4- 6 || total
---------------------------+-------+-------++-------
  Melee: Trident           |   120 |   179 ||   299
         Punch             |     2 |     2 ||     4
   Fire: Sling             |     3 |    17 ||    20
  Throw: Throwing net      |       |     3 ||     3
   Stab: Sleeping          |     2 |       ||     2
         Held in net/web   |       |     2 ||     2
 Armour: Leather armour    |    16 |    13 ||    29
         Ring mail         |       |    32 ||    32
  Dodge: Dodged            |    69 |   102 ||   171

Table legend: (Time is in decaauts)
 A = Elapsed time spent in this place.
 B = Non-inter-level travel time spent in this place.
 C = Inter-level travel time spent in this place.
 D = Time resting spent in this place.
 E = Time spent auto-exploring this place.
 F = Levels seen in this place.
 G = Mean time per level.
                   A        B        C        D        E       F      G
               +--------+--------+--------+--------+--------+-----+--------+
         Total |   3063 |   2919 |    144 |     42 |   2243 |   5 |  612.6 |
       Dungeon |   3063 |   2919 |    144 |     42 |   2243 |   5 |  612.6 |
               +--------+--------+--------+--------+--------+-----+--------+

Top non-repeatable levels by time:
     D:3: 955 daAuts
     D:1: 878 daAuts
     D:4: 614 daAuts
     D:2: 562 daAuts
     D:6: 53 daAuts
